 Dungeon Crawl Stone Soup version 0.29-a0-551-gffc1d7fb78 (webtiles) character file.

Game seed: 13794976877569257849

94 ytrimaz the Grave Robber (level 4, -9/30 HPs)
             Began as a Demonspawn Necromancer on June 6, 2022.
             Mangled by an ogre
             ... wielding a +0 giant club
              (27 damage)
             ... on level 3 of the Dungeon.
             The game lasted 00:03:29 (3178 turns).

ytrimaz the Grave Robber (Demonspawn Necromancer)   Turns: 3178, Time: 00:03:30

Health: -9/30      AC:  6    Str:  8    XL:     4   Next: 38%
Magic:  3/8        EV: 12    Int: 19    God:
Gold:   166        SH:  4    Dex: 13    Spells: 8/9 levels left

rFire   . . .      SeeInvis .   p - staff of death
rCold   . . .      Faith    .   (no shield)
rNeg    + . .      Spirit   .   a - +0 robe
rPois   .          Reflect  .   (no helmet)
rElec   .          Harm     .   m - scarf {repulsion}
rCorr   .          Rampage  .   (no gloves)
Will    .....                   (no boots)
Stlth   ++........              (no amulet)
HPRegen 0.10/turn               c - ring of wizardry
MPRegen 0.11/turn               (no ring)

@: repel missiles
A: icemail 1, condensation shield
a: no special abilities


You were on level 3 of the Dungeon.
You visited 1 branch of the dungeon, and saw 3 of its levels.

You collected 166 gold pieces.

Inventory:

Hand Weapons
 i - the +8 whip of Ajoez {vorpal, rF- Int+7}
   (You found it on level 2 of the Dungeon)

   It inflicts extra damage upon your enemies.
   Int:       It affects your intelligence (+7).
   rF:        It makes you vulnerable to fire.
Armour
 a - a +0 robe (worn)
 g - a +0 cloak
 m - a scarf of repulsion (worn)
Magical Staves
 p - a staff of death (weapon)
Jewellery
 c - a ring of wizardry (left hand)
Wands
 n - a wand of flame (10)
Scrolls
 d - a scroll of silence
 j - a scroll of teleportation
 l - a scroll of torment {unknown}
 o - a scroll of fog {unknown}
Potions
 b - a potion of magic
 e - a potion of cancellation
 f - a potion of haste {unknown}
 h - a potion of resistance {unknown}
 k - 3 potions of degeneration {unknown}


   Skills:
 - Level 1.7 Dodging
 - Level 1.7 Stealth
 + Level 3.2 Spellcasting
 + Level 5.6 Necromancy


You had 8 spell levels left.
You knew the following spells:

 Your Spells              Type           Power      Damage    Failure   Level
a - Necrotize             Necr           100%       1d9       1%          1

Your spell library contained the following spells:

 Spells                   Type           Power      Damage    Failure   Level
 Vampiric Draining        Necr           36%        2d8       1%          3
 Animate Dead             Necr           36%        N/A       6%          4
 Ensorcelled Hibernation  Hex/Ice        6%         N/A       9%          2
 Passwall                 Tmut/Erth      2%         N/A       9%          2
 Agony                    Necr           36%        N/A       16%         5
 Swiftness                Air            3%         N/A       17%         3


Dungeon Overview and Level Annotations

Branches:
Dungeon (3/15)

Altars:
Zin


Innate Abilities, Weirdness & Mutations

A meltable icy envelope protects you from harm. (AC +4)
A meltable shield of frost defends you. (SH +4)


Message History

Found a long smoking staff.
Found a crooked jewelled staff.
An adder comes into view.
The adder hisses angrily.
The adder writhes in agony.
The adder writhes in agony.
Really attack while wielding nothing? [Y]es or [N]o only, please.
Really attack while wielding nothing? [Y]es or [N]o only, please.
Really attack while wielding nothing? [Y]es or [N]o only, please.
Really attack while wielding nothing? [Y]es or [N]o only, please.
Really attack while wielding nothing?
Okay, then.
The adder writhes in agony.
You kill the adder!
The dead are slithering!
You swap places.
You see here a staff of death.
You swap places.
You see here a staff of earth.
You see here a staff of death.
p - a staff of death
p - a staff of death (weapon)
Your adder skeleton crumbles into dust!
An ogre is nearby!
An ogre is nearby!
An ogre is nearby!
You feel a surge of power!
The ogre writhes in agony!
You feel a surge of power!
The ogre writhes in agony.
You feel a surge of power!
The ogre barely resists.
The ogre barely misses you.
You feel a surge of power!
The ogre writhes in agony.
The ogre hits you with a +0 giant club!
You feel a surge of power!
The ogre writhes in agony.
The ogre attacks as you move away!
The ogre hits you with a +0 giant club!!
Ouch! That really hurt!
You die...

.. #.#.#.#.#.#.## ...
##.#.#.#.#.#.#
###.#.###.#.#.#.#)#.##
..###.###.#.#.#.#.#.#
#.#.#...#.#.#.#.#Z##
#.#...^..##.###.## ##
###.|......##.###.####.
#....O.....##.##.......
#.#...@....##....#####.
#.#.#.........##.# ##
....##......#.##.#
##.####.##........ #.
#.##...#.### #
..######.# ## #######
#.# # #.# ##...###.# ##
###
#.##.....##.########.


You could see an ogre.

Vanquished Creatures
  4 gnolls (D:3)
  2 adders
  A worm (D:2)
  A ball python (D:1)
  5 bats
  4 endoplasms
  3 goblins
  2 hobgoblins (D:1)
  2 jackals (D:1)
  A quokka (D:2)
  A frilled lizard (D:1)
  2 kobolds
  4 rats
32 creatures vanquished.

Vanquished Creatures (collateral kills)
  A goblin (D:2)
  A hobgoblin (D:1)
  2 kobolds (D:1)
4 creatures vanquished.

Grand Total: 36 creatures vanquished

Notes
Turn   | Place    | Note
-------+----------+-------------------------------------------
     0 | D:1      | ytrimaz the Demonspawn Necromancer began the quest for the
                  | Orb.
     0 | D:1      | Reached XP level 1. HP: 13/13 MP: 3/3
   258 | D:1      | Gained mutation: A meltable shield of frost defends you.
                  | (SH +4) [demonic ancestry]
   258 | D:1      | Reached XP level 2. HP: 19/19 MP: 0/5
   416 | D:1      | Found a faded altar of an unknown god.
   641 | D:1      | Reached skill level 5 in Necromancy
  1650 | D:2      | Reached XP level 3. HP: 10/24 MP: 0/6
  2379 | D:2      | Identified the +8 whip of Ajoez {vorpal, rF- Int+7}
  2478 | D:3      | Noticed an ogre
  2780 | D:3      | Gained mutation: A meltable icy envelope protects you from
                  | harm. (AC +4) [demonic ancestry]
  2780 | D:3      | Reached XP level 4. HP: 30/30 MP: 4/8
  3178 | D:3      | Mangled by an ogre

Illustrated notes

Levels and vault maps discovered:
D:1:      evilmike_arrival_crescent, layout_rooms,
          dreamdust_ecumenical_altar_sealed_demon
D:2:      layout_loops_ring, minmay_hedge_maze
D:3:      layout_loops_cross, zin_scriptorium, minivault_23, uniq_natasha

Skill      XL: |  1  2  3 |
---------------+----------+-----
Necromancy     | 5 |  5.6
Spellcasting   | 3 |  3.2
Dodging        | |  1.7
Stealth        | |  1.7

Action                   |  1- 3 |  4- 6 || total
-------------------------+-------+-------++-------
Melee: Unarmed           |    31 |       ||    31
 Cast: Necrotize         |    69 |    17 ||    86
  Use: Scroll            |     6 |       ||     6
Armor: Robe              |    25 |       ||    25
Dodge: Dodged            |    70 |     1 ||    71
Block: Other             |     8 |       ||     8

Table legend: (Time is in decaauts)
 A = Elapsed time spent in this place.
 B = Non-inter-level travel time spent in this place.
 C = Inter-level travel time spent in this place.
 D = Time resting spent in this place.
 E = Time spent auto-exploring this place.
 F = Levels seen in this place.
 G = Mean time per level.
                   A        B        C        D        E       F      G
               +--------+--------+--------+--------+--------+-----+--------+
         Total |   3180 |   3001 |    179 |    484 |   2058 |   3 | 1060.0 |
       Dungeon |   3180 |   3001 |    179 |    484 |   2058 |   3 | 1060.0 |
               +--------+--------+--------+--------+--------+-----+--------+

Top non-repeatable levels by time:
     D:2: 1501 daAuts
     D:1: 1103 daAuts
     D:3: 575 daAuts
